Map: Invader LE

Players

Fropez

  • Race: Protoss Protoss
  • League: Silver
  • Spawn Location: 5:00

RandomName - Winner!

  • Race: Zerg Zerg
  • League: Silver
  • Spawn Location: 7:00

VOD

Have the link to the VOD?

Description

Time

  • Played on: May 24, 2016, 5:49 p.m.
  • Length: 28:12
Show
View Real Time Build Order
Export as new Build Order

Fropez Protoss 

Build Orders:  

Get SALT Encoding   

  12  0:01  Probe (Chrono Boost)  
  13  0:17  Pylon  
  13  0:20  Probe (Chrono Boost)  
  14  0:30  Probe (Chrono Boost)  
  15  0:39  Gateway  
  16  0:42  Probe (Chrono Boost)  
  16  0:54  Probe (Chrono Boost), Assimilator  
  17  1:05  Pylon  
  17  1:10  Probe (Chrono Boost)  
  18  1:20  Probe (Chrono Boost)  
  19  1:28  Cybernetics Core  
  19  1:35  Probe (Chrono Boost)  
  20  1:40  Assimilator  
  20  1:42  Pylon  
  20  1:45  Probe (Chrono Boost)  
  21  1:56  Probe (Chrono Boost)  
  21  2:01  Warp Gate (Chrono Boost)  
  22  2:03  Forge  
  22  2:12  Mothership Core (Chrono Boost)  
  22  2:15  Zealot  
  26  2:30  Probe (Chrono Boost), Gateway  
  27  2:40  Probe (Chrono Boost)  
  27  2:42  Pylon  
  28  2:50  Protoss Ground Weapons Level 1 (Chrono Boost), Stalker  
  30  2:54  Probe  
  31  3:06  Probe  
  32  3:18  Probe  
  33  3:23  Stalker  
  35  3:52  Photon Cannon  
  35  3:53  Gateway  
  35  3:57  Nexus  
  35  4:04  Gateway  
  35  4:05  Probe  
  36  4:21  Pylon, Probe  
  37  4:33  Probe  
  37  4:34  Pylon  
  37  4:36  Twilight Council  
  38  4:52  Probe  
  39  5:04  Probe  
  39  5:16  Probe  
  39  5:21  Assimilator  
  40  5:24  Assimilator  
  40  5:26  Pylon  
  40  5:30  Photon Cannon  
  40  5:35  Pylon  
  40  5:39  Probe  
  40  5:41  Probe  
  42  5:44  Pylon  
  42  5:51  Probe x2  
  42  5:54  Protoss Ground Weapons Level 2 (Chrono Boost)  
  42  5:55  Stalker x4  
  52  6:06  Probe x2  
  52  6:10  Blink (Chrono Boost)  
  54  6:19  Probe  
  54  6:24  Adept  
  54  6:25  Adept  
  59  6:30  Probe  
  60  6:43  Pylon, Probe, Dark Shrine  
  60  6:44  Probe  
  62  6:51  Stalker x2  
  64  7:03  Zealot x2  
  68  7:34  Stalker x3  
  68  7:35  Stalker  
  68  7:37  Pylon  
  76  8:06  Gateway  
  76  8:10  Photon Cannon  
  76  8:13  Gateway  
  66  8:36  Stalker  
  66  8:37  Stalker x3  
  74  9:15  Zealot  
  76  9:17  Probe  
  76  9:18  Probe  
  78  9:36  Nexus  
  74  9:39  Assimilator  
  74  9:41  Assimilator  
  74  9:44  Pylon x2  
  56  9:56  Stalker x4  
  58  10:14  Gateway  
  58  10:20  Gateway  
  58  10:21  Protoss Ground Weapons Level 3  
  58  10:22  Gateway  
  58  10:27  Photon Cannon  
  57  10:29  Pylon, Photon Cannon  
  57  10:31  Pylon  
  57  10:33  Gateway x2  
  57  10:34  Probe  
  57  10:35  Pylon, Probe  
  59  10:45  Dark Templar x5  
  67  11:02  Probe  
  67  11:03  Probe  
  69  12:08  Stalker x4  
  71  12:09  Stalker x5  
  71  12:11  Nexus  
  71  12:14  Assimilator  
  87  12:16  Assimilator  
  87  12:19  Pylon  
  87  12:22  Pylon  
  87  12:37  Probe x2  
  89  13:10  Robotics Facility  
  89  13:14  Robotics Facility  
  89  13:15  Photon Cannon  
  89  13:16  Photon Cannon  
  89  13:18  Photon Cannon  
  89  13:20  Photon Cannon  
  89  13:26  Pylon  
  89  13:54  Protoss Ground Armor Level 1  
  89  14:02  Immortal (Chrono Boost)  
  97  14:06  Immortal (Chrono Boost)  
  97  14:15  Probe x2  
  99  14:43  Immortal (Chrono Boost)  
  107  14:48  Immortal (Chrono Boost)  
  107  14:59  Probe  
  108  15:01  Nexus  
  108  15:03  Probe  
  109  15:17  Immortal (Chrono Boost)  
  113  15:27  Immortal (Chrono Boost)  
  117  15:30  Probe  
  118  15:51  Immortal (Chrono Boost)  
  126  16:07  Pylon, Immortal (Chrono Boost)  
  126  16:10  Pylon  
  126  16:11  Probe  
  126  16:12  Probe  
  126  16:13  Pylon, Probe x2  
  126  16:18  Assimilator  
  130  16:20  Assimilator  
  130  16:21  Pylon  
  130  16:29  Gateway  
  130  16:36  Gateway  
  130  16:45  Photon Cannon  
  130  16:47  Probe, Photon Cannon  
  130  16:50  Gateway  
  130  16:53  Immortal (Chrono Boost)  
  135  16:57  Pylon  
  135  17:08  Protoss Shields Level 1  
  135  17:13  Robotics Bay  
  135  17:14  Templar Archives  
  135  17:19  Pylon  
  135  17:24  Pylon  
  135  17:29  Immortal (Chrono Boost)  
  139  17:36  Immortal (Chrono Boost)  
  143  18:02  Nexus  
  143  18:05  Assimilator  
  143  18:07  Assimilator  
  143  18:08  High Templar x3, Pylon  
  143  18:09  High Templar x5  
  143  18:10  High Templar  
  143  18:11  Pylon  
  143  18:12  High Templar  
  163  18:14  High Templar  
  163  18:15  High Templar, Pylon  
  163  18:17  Pylon  
  163  18:18  Archon x5  
  163  18:19  Archon  
  167  18:24  Observer (Chrono Boost)  
  169  18:27  Observer (Chrono Boost)  
  168  18:45  Protoss Ground Armor Level 2  
  106  19:12  Colossus (Chrono Boost)  
  106  19:15  Stalker x3  
  106  19:16  Stalker x5, Colossus (Chrono Boost)  
  106  19:17  Stalker  
  122  19:18  Dark Templar x3  
  118  19:54  High Templar x2  
  118  19:55  High Templar x7  
  118  19:56  High Templar x3  
  118  19:59  Archon x4  
  142  20:00  Extended Thermal Lance (Chrono Boost), Archon x2  
  142  20:34  Colossus (Chrono Boost)  
  142  20:35  Colossus (Chrono Boost)  
  154  20:43  Protoss Shields Level 2  
  154  20:44  Charge  
  154  20:46  Zealot x2  
  154  20:47  Zealot x7  
  154  20:48  Zealot x3  
  178  21:10  Nexus  
  175  21:13  Assimilator  
  175  21:18  Assimilator  
  167  21:21  Pylon  
  129  21:32  Stalker x3  
  115  21:33  Stalker x6  
  115  21:34  Stalker  
  102  21:52  Dark Templar  
  93  22:04  Dark Templar x2  
  93  22:05  Zealot  
  93  22:06  Zealot x7  
  93  22:07  Zealot  
  96  22:41  Stalker x2  
  96  22:42  Stalker x5  
  96  22:43  Stalker x2  
  114  23:11  Nexus  
  114  23:13  Assimilator  
  114  23:15  Assimilator  
  114  23:18  Pylon  
  114  23:19  Pylon, Probe  
  114  23:23  Pylon  
  115  23:30  Probe x2  
  115  23:32  Probe x2  
  119  23:41  Probe  
  120  24:04  Robotics Facility  
  120  24:07  Robotics Facility  
  120  24:11  Pylon  
  120  24:15  Pylon  
  120  24:19  Probe  
  121  24:24  Probe  
  121  24:25  Probe  
  106  24:46  Zealot x3  
  106  24:47  Zealot x6  
  106  24:48  Zealot x2  
  54  25:32  Dark Templar x2  
  54  25:33  Dark Templar x2  
  44  26:15  Probe  
  45  26:25  Probe  
  45  26:31  Zealot x3  
  52  26:34  High Templar  
  52  26:36  Probe  
  52  26:37  Probe  
  52  26:39  Probe x2  
  58  26:46  Probe x2  
  60  26:57  Probe  
  61  27:19  Probe x2  
  61  27:20  Probe x2  
  61  27:21  Probe  
  66  27:28  High Templar x4  
  66  27:29  High Templar x5  
  84  27:30  High Templar x2  
  84  27:33  Archon x3  
  84  27:34  Archon x2  
  88  27:40  Probe  
  88  27:41  Probe x2  
  88  27:42  Probe x2  
  67  28:04  High Templar x2  
  69  28:08  Archon  
Show
View Real Time Build Order
Export as new Build Order

RandomName Zerg - Winner!

Build Orders: Pool First 

Get SALT Encoding   

  12  0:07  Drone  
  13  0:30  Drone  
  13  0:32  Extractor  
  13  0:34  Spawning Pool  
  12  0:37  Overlord  
  12  0:46  Drone  
  12  0:47  Drone  
  14  0:57  Drone  
  16  1:04  Drone  
  16  1:19  Drone  
  16  1:20  Queen  
  19  1:41  Drone  
  19  1:45  Drone, Hatchery  
  20  1:51  Overlord  
  20  1:58  Metabolic Boost  
  20  2:04  Drone  
  21  2:24  Zergling x4  
  23  2:39  Zergling x2  
  23  2:40  Drone  
  23  2:41  Drone  
  26  2:47  Overlord  
  26  2:57  Roach Warren, Lair  
  25  2:58  Drone  
  25  3:01  Zergling x2  
  25  3:02  Zergling x2  
  28  3:08  Queen  
  28  3:10  Zergling x2  
  31  3:19  Zergling x4  
  33  3:25  Drone x2  
  35  3:33  Overlord  
  35  3:40  Zergling x2  
  35  3:41  Zergling x6  
  39  3:55  Extractor  
  38  3:57  Hydralisk Den  
  38  3:59  Zergling x2  
  38  4:03  Drone x2  
  38  4:06  Drone  
  38  4:07  Overlord, Drone  
  42  4:24  Overlord  
  42  4:27  Hydralisk x2  
  46  4:36  Extractor, Drone x2  
  46  4:37  Drone x2  
  49  4:38  Overlord  
  49  4:50  Hydralisk x2  
  53  4:56  Hydralisk  
  55  5:00  Overseer  
  55  5:09  Hydralisk  
  55  5:10  Hydralisk  
  59  5:23  Hydralisk, Drone  
  59  5:26  Hydralisk  
  59  5:28  Zergling x4  
  66  5:36  Drone x2  
  66  5:42  Extractor  
  67  5:44  Overlord, Drone  
  68  5:59  Overlord  
  68  6:02  Muscular Augments  
  68  6:04  Drone x2  
  70  6:13  Hydralisk  
  70  6:14  Hydralisk  
  70  6:17  Overlord  
  74  6:39  Hydralisk  
  74  6:40  Hydralisk x2  
  74  6:43  Hydralisk x3  
  86  7:04  Drone x6  
  92  7:26  Overlord x3  
  92  7:33  Evolution Chamber  
  91  7:37  Evolution Chamber  
  69  8:38  Hydralisk x3  
  69  8:39  Hydralisk x2  
  69  8:40  Zergling x10  
  69  8:41  Zergling x12  
  88  9:09  Hydralisk x6  
  71  10:04  Hydralisk x3, Zergling x6  
  80  10:21  Zergling x4  
  79  11:02  Hydralisk x4  
  79  11:04  Zergling x10  
  92  11:26  Hatchery  
  86  11:32  Zerg Missile Weapons Level 1  
  86  11:36  Overseer  
  80  11:43  Overlord x2  
  80  11:44  Overlord x2  
  80  11:45  Overseer  
  80  11:47  Overseer  
  80  12:03  Zergling x2  
  80  12:04  Hydralisk x4, Zergling x6  
  92  12:17  Drone x4  
  96  12:24  Hatchery  
  96  12:25  Drone x3  
  98  12:40  Zerg Ground Armor Level 1  
  98  12:49  Evolution Chamber  
  97  12:52  Infestation Pit  
  97  12:56  Overseer x2  
  97  12:58  Pneumatized Carapace  
  96  13:02  Hydralisk x2  
  96  13:03  Hydralisk x8  
  96  13:04  Hydralisk x4  
  124  13:41  Overlord, Overseer  
  124  13:44  Hydralisk x2  
  124  13:45  Hydralisk x5  
  124  13:47  Zergling x10  
  143  13:54  Spire  
  142  14:07  Drone x2  
  144  14:14  Queen  
  144  14:16  Queen  
  148  14:26  Drone x2  
  148  14:27  Drone  
  148  14:28  Drone  
  152  14:34  Extractor  
  152  14:37  Extractor  
  150  14:39  Overlord  
  150  14:40  Overlord  
  150  14:44  Zerg Ground Armor Level 2, Zerg Missile Weapons Level 2  
  150  14:46  Hive  
  150  14:50  Zerg Melee Weapons Level 1  
  150  14:52  Lurker Den  
  150  14:53  Glial Reconstitution  
  150  14:55  Roach x3  
  150  14:56  Roach  
  158  15:01  Drone x4  
  162  15:11  Mutalisk  
  162  15:12  Mutalisk x2  
  168  15:31  Corruptor x3  
  174  15:58  Corruptor  
  174  15:59  Overlord x2  
  174  16:00  Overlord  
  176  16:08  Extractor  
  176  16:09  Extractor  
  174  16:25  Mutalisk x5  
  174  16:26  Mutalisk x2  
  174  16:29  Roach x6  
  200  16:36  Overlord  
  200  16:37  Overlord  
  200  16:51  Zerg Flyer Weapons Level 1  
  200  16:55  Zerg Melee Weapons Level 2  
  200  17:00  Zerg Missile Weapons Level 3  
  200  17:01  Zerg Ground Armor Level 3  
  200  17:14  Overlord  
  200  17:23  Overlord  
  200  17:25  Overlord  
  138  19:16  Hydralisk x4  
  138  19:17  Hydralisk x4  
  140  19:18  Mutalisk x6  
  140  19:19  Mutalisk x6  
  140  19:21  Zergling x8  
  140  19:22  Zergling x12  
  140  19:23  Zergling x8  
  163  19:38  Mutalisk x5  
  163  19:39  Mutalisk  
  163  19:40  Zergling x14  
  163  19:41  Zergling x12  
  163  19:42  Zergling x10  
  163  19:44  Zergling x2  
  194  20:11  Lurker x2  
  194  20:12  Lurker x2  
  113  21:51  Zergling x10  
  113  21:52  Zergling x12  
  113  21:53  Hydralisk x2, Zergling x12  
  113  21:54  Hydralisk x7, Zergling x2  
  127  21:55  Hydralisk x6  
  127  21:56  Hydralisk  
  141  22:14  Overseer x3  
  141  22:15  Overseer x2  
  129  22:31  Hatchery  
  124  22:41  Mutalisk x5  
  124  22:42  Mutalisk  
  136  22:44  Zergling x4  
  136  22:45  Zergling x12  
  136  22:46  Zergling x8  
  148  23:22  Roach x4  
  148  23:25  Roach  
  148  23:26  Roach x8  
  148  23:27  Roach x2  
  178  23:47  Mutalisk  
  178  23:48  Mutalisk x3  
  182  23:49  Hatchery  
  150  25:27  Hydralisk  
  150  25:28  Hydralisk x8  
  152  25:29  Hydralisk x6  
  152  25:30  Zergling x2  
  152  25:31  Zergling x14  
  152  25:32  Zergling x12  
  152  25:33  Zergling x2  
  192  25:42  Zerg Flyer Armor Level 1  
  156  26:07  Queen  
  131  26:56  Hydralisk x2  
  131  26:57  Hydralisk x6  
  131  26:58  Mutalisk x5  
  131  26:59  Mutalisk  
  131  27:00  Zergling x12  
  131  27:01  Zergling x8  
  169  27:16  Extractor  
  169  27:17  Extractor, Drone x3  
  169  27:21  Drone  
  171  27:34  Roach x3  
  171  27:35  Zergling x2, Roach x4  
  171  27:36  Zergling x12  
  193  27:37  Zergling x2  
Tags
 
Matchup
PvZ
Opening
Pool First
Replay Pack
All Mines
Spawn Locations
Close Positions
Add a new tag
Caveats
  • Supply blocks, unpowered buildings, or Contaminate may cause inaccurate times.
  • Supply counts are checked every 10 seconds.